 Dungeon Crawl Stone Soup version 0.22.1-2-g9c5b331 (webtiles) character file.

9176 PaladinM the Carver (level 11, -4/86 HPs)
             Began as a Human Warper on Dec 31, 2018.
             Was a Believer of the Shining One.
             Slain by a spiny frog (22 damage)
             ... on level 1 of the Lair of Beasts on Jan 1, 2019.
             The game lasted 01:28:13 (15685 turns).

PaladinM the Carver (Human Warper)                 Turns: 15685, Time: 01:28:16

Health: -4/86      AC:  8    Str: 12    XL:     11   Next: 69%
Magic:  12/14      EV: 14    Int: 15    God:    the Shining One [**....]
Gold:   662        SH:  0    Dex: 14    Spells: 10/14 levels left

rFire    + . .     SeeInvis .   A - +1 long sword
rCold    . . .     Gourm    .   (no shield)
rNeg     + . .     Faith    .   c - +2 leather armour {rPois}
rPois    +         Spirit   .   (no helmet)
rElec    .         Reflect  .   (no cloak)
rCorr    .         Harm     .   O - +0 pair of gloves
MR       .....                  w - +0 pair of boots
Stlth    +.........             t - amulet of magic regeneration
HPRegen  0.24/turn              B - ring of protection from fire
MPRegen  0.39/turn              o - +1 ring of protection

@: very slightly contaminated, glowing
A: no striking features
a: Divine Shield, Renounce Religion


You were on level 1 of the Lair of Beasts.
You worshipped the Shining One.
The Shining One was pleased with you.
You were not hungry.

You visited 3 branches of the dungeon, and saw 12 of its levels.
You also visited: Ossuary.

You collected 662 gold pieces.

Inventory:

Hand Weapons
 b - the +7 hunting sling of Brawling {venom, Dex+5}
   (You found it on level 7 of the Dungeon)

   It poisons the ammo it fires.
   It affects your dexterity (+5).
 j - a +2 dagger of venom
 A - a +1 long sword (weapon)
Missiles
 e - 4 tomahawks of dispersal (quivered)
 I - 12 tomahawks
Armour
 c - a +2 leather armour of poison resistance (worn)
 w - a +0 pair of boots (worn)
 O - a +0 pair of gloves (worn)
Jewellery
 a - an uncursed amulet of guardian spirit
 m - an uncursed ring of fire
 n - an uncursed ring of protection from cold
 o - a +1 ring of protection (right hand)
 t - an amulet of magic regeneration (around neck)
 B - a ring of protection from fire (left hand)
 C - an uncursed amulet of the acrobat
 M - an uncursed amulet of harm
Wands
 g - a wand of iceblast (3)
 p - a wand of polymorph (20)
 y - a wand of disintegration (12)
 P - a wand of paralysis (16)
 T - a wand of digging (16)
Scrolls
 d - 3 scrolls of blinking
 h - a scroll of acquirement {unknown}
 i - a scroll of immolation {unknown}
 k - 4 scrolls of enchant weapon
 q - 9 scrolls of teleportation
 u - 6 scrolls of remove curse
 K - 2 scrolls of magic mapping
 L - a scroll of brand weapon
 N - a scroll of fog {unknown}
 R - 2 scrolls of amnesia {unknown}
 S - a scroll of fear
 U - a scroll of vulnerability {unknown}
Potions
 r - 3 potions of cancellation
 s - a potion of berserk rage {unknown}
 v - 3 potions of haste {unknown}
 x - a potion of mutation
 z - 3 potions of might {unknown}
 E - 2 potions of degeneration {unknown}
 F - a potion of magic {unknown}
 G - a potion of ambrosia {unknown}
 H - 2 potions of brilliance {unknown}
 J - a potion of resistance {unknown}
Comestibles
 f - 12 rations


   Skills:
 - Level 8.1 Fighting
 - Level 13.5 Long Blades
 - Level 1.0 Throwing
 - Level 3.4 Armour
 + Level 5.0 Dodging
 - Level 2.0 Spellcasting
 - Level 3.0 Translocations
 - Level 5.0 Invocations


You had 10 spell levels left.
You knew the following spells:

 Your Spells              Type           Power        Failure   Level  Hunger
a - Shroud of Golubria    Chrm/Tloc      #.........   22%         2    ###....
b - Blink                 Tloc           N/A          12%         2    ###....

Your spell library contained the following spells:

 Spells                   Type           Power        Failure   Level  Hunger
 Gell's Gravitas          Tloc           ##........   24%         3    ###....
 Lesser Beckoning         Tloc           ##........   24%         3    ###....
 Teleport Other           Tloc           ##......     24%         3    ###....
 Beastly Appendage        Tmut           #.....       28%         1    #......
 Sticks to Snakes         Tmut           #.......     38%         2    ###....
 Spider Form              Tmut/Pois      #.........   63%         3    ###....
 Passage of Golubria      Tloc           N/A          63%         4    #####..
 Ice Form                 Ice/Tmut       #.......     95%         4    #####..
 Blade Hands              Tmut           #.........   100%        5    ######.


Dungeon Overview and Level Annotations

Branches:
Dungeon (10/15)            Temple (1/1) D:4            Lair (1/6) D:8
    Orc (0/2) D:10

Altars:
Ashenzari
Cheibriados
Dithmenos
Elyvilon
Fedhas
Gozag
Hepliaklqana
Kikubaaqudgha
Makhleb
Nemelex Xobeh
Okawaru
Qazlal
Ru
Sif Muna
Trog
Uskayaw
Vehumet
Wu Jian
Xom
Yredelemnul
Zin
The Shining One

Shops:
D:10 %


Message History

You hit the spiny frog.
The spiny frog is heavily wounded.
The spiny frog stings you.
Press: ? - help, v - describe, . - travel
Here: a spiny frog (moderately wounded, haloed)
The floor, spattered with blood.
Casting: Shroud of Golubria (safe; 22% risk of failure)
Confirm with . or Enter, or press ? or * to list all spells.
Okay, then.
You open the lid... ...and a larval stingweird beast leaps out!
The now-empty box falls apart.
The spiny frog stings you!
* * * LOW HITPOINT WARNING * * *
Casting: Shroud of Golubria (safe; 22% risk of failure)
Confirm with . or Enter, or press ? or * to list all spells.
You miscast Blink.
You are very lightly contaminated with residual magic.
The air around you crackles with energy!
The spiny frog stings you!!
You die...

########### ##
#############.##P#.P#.#######.#
#............H@........(.......
#....#.#......F########.#......
#....####.....## ###(.....
#.....# #......# #(.....
#....## #....[## #(..... #....#
#......# ### #...... #....#
#.....#####P#####......
##....##
#......................
#......#
#......................


You could see a spiny frog and a friendly larval stingweird beast.

Vanquished Creatures
  A two-headed ogre (D:10)
  The ghost of bmj180 the Basher, a novice MiFi of Gozag (D:9)
  Urug (Lair:1)
  An orc knight (D:10)
  An elephant (D:7)
  A hornet (D:10)
  Prince Ribbit (D:8)
  2 hippogriffs
  A spriggan (D:8)
  Sigmund (D:3)
  A yak (D:7)
  2 hungry ghosts (D:8)
  2 water moccasins
  An ice beast (D:8)
  3 orc warriors
  2 phantoms
  A black bear (D:10)
  2 necrophages
  2 ogres
  4 centaurs
  2 crocodiles (D:8)
  7 bullfrogs
  5 elf zombies (Ossuary)
  3 scorpions
  3 killer bees (D:10)
  A water moccasin skeleton (D:6)
  3 howler monkeys
  3 crimson imps (D:8)
  2 bullfrog zombies
  A centaur zombie (Ossuary)
  6 human zombies (Ossuary)
  3 jellies
  7 orc priests
  10 hounds
  15 orc wizards
  A centaur skeleton (D:4)
  4 iguanas
  8 worker ants
  3 killer bee zombies
  A hound skeleton (D:8)
  3 mummies (Ossuary)
  13 adders
  3 river rats (D:6)
  2 oozes
  3 adder skeletons
  A worm (D:2)
  5 dart slugs
  7 leopard geckos
  46 orcs
  6 giant cockroaches
  8 goblins
  3 hobgoblins
  23 jackals
  2 quokkas
  4 ball pythons
  11 bats
  6 frilled lizards
  A goblin zombie (D:6)
  5 kobolds
  A leopard gecko skeleton (D:4)
  6 rats
  A rat zombie (D:6)
279 creatures vanquished.

Vanquished Creatures (others)
  A water moccasin (Lair:1)
1 creature vanquished.

Grand Total: 280 creatures vanquished

Notes
Turn   | Place    | Note
-------+----------+-------------------------------------------
     0 | D:1      | PaladinM the Human Warper began the quest for the Orb.
     0 | D:1      | Reached XP level 1. HP: 16/16 MP: 3/3
    88 | D:1      | You fall through a shaft!
   124 | D:2      | Reached XP level 2. HP: 22/22 MP: 5/5
   159 | D:2      | Learned a level 2 spell: Shroud of Golubria
   162 | D:2      | Learned a level 2 spell: Blink
   208 | D:2      | Reached skill level 3 in Long Blades
   408 | D:2      | Found a bloodstained altar of Trog.
   616 | D:1      | Reached XP level 3. HP: 23/27 MP: 6/6
   935 | D:1      | Reached skill level 4 in Long Blades
   935 | D:1      | Reached XP level 4. HP: 30/33 MP: 7/7
  1228 | D:2      | Found an opulent altar of Gozag.
  1254 | D:2      | Found a glowing golden altar of the Shining One.
  1299 | D:2      | Became a worshipper of the Shining One
  1437 | D:3      | Reached skill level 5 in Long Blades
  1437 | D:3      | Reached XP level 5. HP: 28/38 MP: 6/8
  1823 | D:3      | Noticed Sigmund
  1842 | D:3      | Killed Sigmund
  1842 | D:3      | Reached skill level 6 in Long Blades
  1842 | D:3      | Reached XP level 6. HP: 14/44 MP: 9/9
  2062 | D:3      | Found a white marble altar of Elyvilon.
  2062 | D:3      | Found a hazy altar of Hepliaklqana.
  2323 | D:4      | Noticed an ogre
  2371 | D:4      | Killed an ogre
  2371 | D:4      | Reached skill level 7 in Long Blades
  2371 | D:4      | Reached XP level 7. HP: 12/50 MP: 3/10
  2589 | D:4      | Found a staircase to the Ecumenical Temple.
  2594 | D:4      | You fall through a shaft!
  2594 | D:5      | Entered Level 5 of the Dungeon
  2956 | D:5      | Reached skill level 8 in Long Blades
  3239 | Temple   | Entered the Ecumenical Temple
  3796 | D:5      | Reached XP level 8. HP: 52/56 MP: 11/11
  4082 | D:5      | Reached skill level 9 in Long Blades
  4465 | D:6      | Reached * piety under the Shining One
  4506 | D:6      | Found a sand-covered staircase.
  4523 | Ossuary  | Entered an ossuary
  4734 | Ossuary  | Reached skill level 10 in Long Blades
  4777 | Ossuary  | Reached ** piety under the Shining One
  5026 | Ossuary  | Reached XP level 9. HP: 54/61 MP: 12/12
  5338 | D:6      | Reached skill level 11 in Long Blades
  6517 | D:6      | Found a blossoming altar of Fedhas.
  6987 | D:7      | Reached skill level 12 in Long Blades
  7666 | D:7      | Noticed a hippogriff
  8004 | D:8      | Reached skill level 5 in Fighting
  8356 | D:7      | Killed a hippogriff
  8356 | D:7      | Reached XP level 10. HP: 49/76 MP: 9/13
  8703 | D:7      | Got an iridescent hunting sling
  8704 | D:7      | Identified the +7 hunting sling of Brawling {venom, Dex+5}
                  | (You found it on level 7 of the Dungeon)
  9064 | D:8      | Reached skill level 1 in Invocations
  9066 | D:8      | Found a staircase to the Lair.
  9066 | D:8      | Noticed an elephant
  9657 | D:7      | Killed an elephant
 10492 | D:8      | Reached skill level 5 in Dodging
 10492 | D:8      | Reached skill level 5 in Invocations
 10678 | D:8      | Noticed Prince Ribbit
 10877 | D:8      | Killed Prince Ribbit
 11406 | Lair:1   | Entered Level 1 of the Lair of Beasts
 11416 | Lair:1   | Noticed a spiny frog
 11491 | Lair:1   | Noticed Urug
 11948 | D:9      | Found an ornate altar of the Wu Jian Council.
 12034 | D:9      | Found an ancient bone altar of Kikubaaqudgha.
 12035 | D:9      | Found a sparkling altar of Nemelex Xobeh.
 12067 | D:9      | Reached XP level 11. HP: 83/83 MP: 14/14
 12121 | D:9      | Found a glowing silver altar of Zin.
 12821 | D:9      | Reached *** piety under the Shining One
 12924 | D:9      | Found a runed door.
 12925 | D:9      | Noticed bmj180's ghost (novice MiFi)
 12980 | D:10     | Entered Level 10 of the Dungeon
 13072 | D:10     | Noticed an orc knight
 13095 | D:10     | Noticed a two-headed ogre
 13117 | D:10     | Killed an orc knight
 13268 | D:10     | Found Fiqugila's Food Shop.
 13795 | D:10     | Killed a two-headed ogre
 13820 | D:10     | Found a staircase to the Orcish Mines.
 14515 | D:9      | Killed bmj180's ghost
 14515 | D:9      | Reached skill level 13 in Long Blades
 15289 | Lair:1   | The Shining One protects you from harm!
 15301 | Lair:1   | Killed Urug
 15685 | Lair:1   | Slain by a spiny frog

Skill      XL: |  1  2  3  4  5  6  7  8  9 10 11 |
---------------+----------------------------------+-----
Long Blades    | 3 4 5 6 7 8 10 12 13 | 13.5
Fighting       | 5 6 8 |  8.1
Invocations    | 5 |  5.0
Dodging        | 5 |  5.0
Armour         | 3 |  3.4
Throwing       | |  1.0
Spellcasting   | |  2.0
Translocations | |  3.0

Action                   |  1- 3 |  4- 6 |  7- 9 | 10-12 || total
-------------------------+-------+-------+-------+-------++-------
Melee: Falchion          |    62 |       |    12 |       ||    74
       Dagger            |    58 |   126 |    73 |   228 ||   485
       Long sword        |       |       |   499 |   349 ||   848
Throw: Tomahawk          |       |       |       |     1 ||     1
 Cast: Shroud of Golubri |     2 |     4 |    35 |    17 ||    58
       Blink             |       |     1 |     1 |    14 ||    16
Invok: Divine Shield     |       |       |     5 |    11 ||    16
Evoke: Box of beasts     |       |       |       |     1 ||     1
  Use: Potion            |       |     1 |     3 |    13 ||    17
       Scroll            |       |       |     8 |     7 ||    15
  Eat: Chunk             |       |     5 |    13 |    15 ||    33
       Ration            |       |       |     5 |     5 ||    10
Armor: Leather armour    |    47 |    49 |   130 |   111 ||   337
Dodge: Dodged            |    89 |    90 |   308 |   366 ||   853
Block: Other             |       |       |    22 |    38 ||    60
       Rpst.: Falchion   |    17 |       |     4 |       ||    21
       Long sword        |       |       |    80 |    76 ||   156
